 Dungeon Crawl Stone Soup version 0.28.0 (webtiles) character file.

Game seed: 7781427840500775599

625 a3don the Chiller (level 7, -6/97 HPs)
             Began as a Troll Ice Elementalist on Feb 14, 2022.
             Mangled by Menkaure (21 damage)
             ... on level 5 of the Dungeon.
             The game lasted 00:07:00 (3996 turns).

a3don the Chiller (Troll Ice Elementalist)          Turns: 3996, Time: 00:07:00

Health: -6/97      AC:  4    Str: 17    XL:     7   Next: 23%
Magic:  10/10      EV: 10    Int: 13    God:
Gold:   199        SH:  0    Dex: 10    Spells: 4/11 levels left

rFire   . . .      SeeInvis .     - Unarmed
rCold   . . .      Faith    .   (no shield)
rNeg    . . .      Spirit   .   a - +0 robe
rPois   .          Reflect  .   (helmet restricted)
rElec   .          Harm     .   (no cloak)
rCorr   .          Rampage  .   (gloves unavailable)
Will    .....                   (boots unavailable)
Stlth   ..........              (no amulet)
HPRegen 1.06/turn               (no ring)
MPRegen 0.12/turn               (no ring)

@: berserking, lethally poisoned (-6 -> -8), very quick
A: large, unfitting armour, claws 3, regeneration 1, shaggy fur 1, tough skin 1
a: no special abilities


You were on level 5 of the Dungeon.
You visited 1 branch of the dungeon, and saw 5 of its levels.

You collected 199 gold pieces.

Inventory:

Hand Weapons
 p - a +0 short sword of holy wrath
 s - a +1 rapier of venom
Missiles
 t - 47 stones
 v - 2 poisoned darts
Armour
 a - a +0 robe (worn)
 x - a +0 kite shield
Jewellery
 y - a +6 ring of intelligence
Wands
 m - a wand of flame (11)
Scrolls
 b - a scroll of teleportation {unknown}
 c - 2 scrolls of identify {unknown}
 d - a scroll of fear {unknown}
 f - a scroll of summoning {unknown}
 g - 2 scrolls of vulnerability {unknown}
 j - a scroll of torment {unknown}
 l - a scroll of enchant weapon {unknown}
 o - a scroll of amnesia {unknown}
 r - a scroll of enchant armour {unknown}
 u - a scroll of blinking {unknown}
 w - a scroll of acquirement {unknown}
 z - a scroll of holy word {unknown}
Potions
 e - a potion of brilliance
 h - a potion of might {unknown}
 i - 2 potions of haste {unknown}
 k - 2 potions of berserk rage
 n - a potion of heal wounds {unknown}
 q - a potion of curing {unknown}


   Skills:
 + Level 2.2 Fighting
 + Level 2.8 Dodging
 - Level 1.0 Stealth
 * Level 1.4 Shields
 + Level 1.1 Unarmed Combat
 * Level 2.9 Spellcasting
 * Level 4.3 Ice Magic


You had 4 spell levels left.
You knew the following spells:

 Your Spells              Type           Power      Damage    Failure   Level
a - Freeze                Ice            52%        1d7       3%          1
b - Frozen Ramparts       Ice            26%        1d4       12%         3
c - Ozocubu's Armour      Ice            13%        N/A       12%         3

Your spell library contained the following spells:

 Spells                   Type           Power      Damage    Failure   Level
 Sublimation of Blood     Necr           1%         N/A       34%         2
 Hailstorm                Conj/Ice       7%         3d4       67%         4
 Petrify                  Tmut/Erth      1%         N/A       93%         4
 Irradiate                Conj/Tmut      0%         3d13      100%        5


Dungeon Overview and Level Annotations

Branches:
Dungeon (5/15)
 Temple: D:4-7

Altars:
Ashenzari
Trog

Annotations:
D:4 1 runed translucent door, issech's ghost, amateur TrMo
D:5 Menkaure


Innate Abilities, Weirdness & Mutations

You are too large for most types of armour.
You have claws for hands.
Your natural rate of healing is unusually fast.
You are covered in fur. (AC +1)
You have tough skin. (AC +1)


Message History

Casting: Frozen Ramparts (dangerous; 12% risk of failure)
Press: ? - help, Dir - look around, f - activate
There are no walls around you to affect.
There are monsters nearby!
Okay, then.
You scratch Menkaure. Your claw misses Menkaure.
Menkaure is lightly damaged.
You scratch Menkaure.
Menkaure is lightly damaged.
Menkaure hums, "Let me perform the rites..."
Menkaure closely misses you.
You barely miss Menkaure.
Menkaure is lightly damaged.
Menkaure barely misses you. The scorpion misses you.
The scorpion barely misses you.
Menkaure splashes around in the water.
You barely miss Menkaure.
Menkaure is lightly damaged.
The scorpion stings you but does no damage.
Menkaure splashes around in the water.
You scratch Menkaure.
Menkaure is moderately damaged.
Menkaure hits you! The scorpion stings you.
You claw Menkaure!
Menkaure is heavily damaged.
Menkaure hits you!
* * * LOW HITPOINT WARNING * * *
The scorpion closely misses you.
Okay, then.
It was a potion of berserk rage.
A red film seems to cover your vision as you go berserk!
You feel yourself moving faster!
You feel mighty! Menkaure hits you.
* * * LOW HITPOINT WARNING * * *
The scorpion stings you.
* * * LOW HITPOINT WARNING * * *
You are poisoned.
The scorpion poisons you!
You closely miss Menkaure.
Menkaure is heavily damaged.
You feel sick. Menkaure hits you!!
You die...

#..... ... ##....#....
##.....#.... ....... .#
#........... .......
..##............
......###................
.....##.........Ms...≈...#
.....#..........@........#####
#....#............≈≈.....##..##
...#............(.≈≈.....##...#
####..........................###
### #...........≈....≈..........#
#.###......#.....................
...........#...................#.
...#.......#..................##.
##.........................#.####


You could see Menkaure (fast) and a scorpion.

Vanquished Creatures
  A sky beast (D:4)
  An ice beast (D:5)
  A phantom (D:5)
  A hound (D:4)
  A bullfrog skeleton (D:2)
  Jessica (D:3)
  Natasha (thrice) (D:3)
  An iguana (D:5)
  Robin (D:3)
  4 gnolls (D:4)
  4 adders
  A dart slug (D:5)
  5 orcs
  10 bats
  2 endoplasms
  5 giant cockroaches
  14 goblins
  13 hobgoblins
  5 jackals
  6 kobolds
  4 quokkas
  A ball python (D:1)
  3 frilled lizards
  3 rats
91 creatures vanquished.

Notes
Turn   | Place    | Note
-------+----------+-------------------------------------------
     0 | D:1      | a3don the Troll Ice Elementalist began the quest for the
                  | Orb.
     0 | D:1      | Reached XP level 1. HP: 16/16 MP: 1/1
    26 | D:1      | Reached skill level 3 in Ice Magic
    49 | D:1      | Found a faded altar of an unknown god.
   210 | D:1      | Reached XP level 2. HP: 18/24 MP: 3/3
   742 | D:2      | Reached XP level 3. HP: 22/32 MP: 4/4
  1007 | D:2      | Reached skill level 1 in Fighting
  1129 | D:2      | Reached XP level 4. HP: 41/41 MP: 5/5
  1160 | D:2      | Learned a level 3 spell: Frozen Ramparts
  1497 | D:3      | Noticed Robin
  1521 | D:3      | Killed Robin
  1531 | D:3      | Noticed Jessica
  1642 | D:3      | Killed Jessica
  1723 | D:3      | Noticed Natasha
  1738 | D:3      | Killed Natasha
  1739 | D:3      | Reached XP level 5. HP: 33/48 MP: 3/7
  1756 | D:3      | Learned a level 3 spell: Ozocubu's Armour
  2214 | D:3      | Noticed Natasha
  2226 | D:3      | Killed Natasha
  2546 | D:3      | Noticed Natasha
  2551 | D:3      | Killed Natasha
  2669 | D:4      | Found a broken altar of Ashenzari.
  2801 | D:4      | Found a runed translucent door.
  2801 | D:4      | Noticed issech's ghost (amateur TrMo)
  2942 | D:4      | Reached skill level 4 in Ice Magic
  2942 | D:4      | Reached XP level 6. HP: 57/57 MP: 8/8
  2982 | D:4      | Found a bloodstained altar of Trog.
  3510 | D:5      | Entered Level 5 of the Dungeon
  3510 | D:5      | Noticed a sky beast
  3510 | D:5      | Noticed an ice beast
  3527 | D:4      | Killed a sky beast
  3718 | D:5      | Killed an ice beast
  3719 | D:5      | Reached skill level 1 in Shields
  3719 | D:5      | Reached XP level 7. HP: 44/65 MP: 10/10
  3808 | D:5      | Reached skill level 1 in Unarmed Combat
  3985 | D:5      | Noticed Menkaure
  3996 | D:5      | Mangled by Menkaure

Illustrated notes

Levels and vault maps discovered:
D:1:      mrwooster_arrival_arrow, layout_loops_ring,
          chequers_ecumenical_altar_simple_redux, palyth_stone_intersect
D:2:      layout_loops_ring
D:3:      layout_basic, uniq_robin, uniq_jessica, uniq_natasha
D:4:      layout_basic, lemuel_tele_altar, mainiacjoe_overflow_alcove_4,
          gammafunk_ghost_grave, serial_bayou_crossing
D:5:      layout_cave_pools, lemuel_coloured_pillars_altar,
          chequers_serial_rivers_small_b, skrybe_limestone_x,
          minmay_hollow_rounded_squares, uniq_menkaure

Skill      XL: |  1  2  3  4  5  6  7 |
---------------+----------------------+-----
Ice Magic      | 3 4 |  4.3
Dodging        | 2 |  2.8
Fighting       | 1 2 |  2.2
Spellcasting   | 2 |  2.9
Shields        | 1 |  1.4
Unarmed Combat | 1 |  1.1
Stealth        | |  1.0

Action                   |  1- 3 |  4- 6 |  7- 9 || total
-------------------------+-------+-------+-------++-------
Melee: Unarmed           |   103 |   158 |    39 ||   300
 Cast: Frozen Ramparts   |       |    12 |       ||    12
       Freeze            |       |     1 |     1 ||     2
  Use: Potion            |       |       |     1 ||     1
 Stab: Sleeping          |     6 |       |       ||     6
Armor: Robe              |    47 |    44 |    15 ||   106
Dodge: Dodged            |    51 |    69 |    22 ||   142
